AoeStats
← Cooler Kekstyp

Lombardia

509156825Analyzed
2v2 RM · 8d ago on Sep 25, 2026· 43m 32s· 4 players
Game mode
Random Map
Map size
Medium (4 player)
Population
200
Speed
Normal
Resources
Standard
Victory
Conquest
Starting age
Dark Age
Ending age
Imperial Age
RankedLock teamsTeams togetherTeam positionsShared explorationLock speedFull tech treeHidden civsTurbo modeCheats
Victory
Defeat
🇩🇪 Danes · Germany
1233
+16
🇩🇪 Varangians · Germany
1231
+15
🇬🇧 Italians · United Kingdom
1237
-16
🇬🇧 Saxons · United Kingdom
1217
-15
chpstkx
10:17 Loom
12:08 Feudal Age
14:24 Double-Bit Axe
14:21 Horse Collar
14:37 Gold Mining
17:38 Wheelbarrow
Binny Bong Baron
12:36 Feudal Age
16:40 Castle Age
14:23 Horse Collar
14:50 Double-Bit Axe
18:24 Gold Mining
23:18 Imperial Age
21:08 Bow Saw
22:03 Scale Mail Armor
22:13 Forging
22:45 Squires
22:47 Scale Mail Armor
24:00 Iron Casting
23:12 Arson
25:39 Chain Mail Armor
25:15 Shield Wall
29:01 Plate Mail Armor
Cooler Kekstyp
5:03 Loom
11:39 Feudal Age
17:59 Castle Age
16:51 Scale Mail Armor
17:14 Horse Collar
17:22 Double-Bit Axe
19:32 Heavy Plow
20:31 Wheelbarrow
23:28 Chain Mail Armor
23:08 Fletching
25:21 Town Watch
25:48 Man-at-Arms
26:59 Forging
26:40 Long Swordsman
29:34 Iron Casting
30:54 Squires
36:05 Bow Saw
40:52 Imperial Age
39:49 Arson
39:59 Gambesons
41:20 Two-Handed Swordsman
42:33 Plate Mail Armor
41:46 Onager
Dr. Volodnikov
8:38 Loom
11:00 Feudal Age
15:16 Castle Age
13:26 Double-Bit Axe
13:45 Horse Collar
17:21 Bow Saw
17:29 Heavy Plow
21:12 Wheelbarrow
20:22 Town Watch
22:54 Scale Barding Armor
23:00 Forging
23:31 Hand Cart
24:34 Chain Barding Armor
25:13 Bloodlines
25:03 Husbandry
26:48 Iron Casting
32:30 Vendel Legacy
38:03 Town Patrol
43:02 Imperial Age
43:14 Elite Jarl
Connection lost

Rejoining the realm…

Still unreachable

The connection could not be restored.

Session expired

The server has moved on; the page needs a fresh start.